 Dungeon Crawl Stone Soup version 0.25.0-33-gff14898491 (webtiles) character file.

Game seed: 7365671844501633721

25 Modlin the Sneak (level 2, -2/16 HPs)
             Began as a Vampire Enchanter on July 6, 2020.
             Slain by a goblin
             ... wielding a +0 club
              (4 damage)
             ... on level 1 of the Dungeon.
             The game lasted 00:09:16 (700 turns).

Modlin the Sneak (Vampire Enchanter)                 Turns: 700, Time: 00:09:17

Health: -2/16      AC:  2    Str:  7    XL:     2   Next: 82%
Magic:  2/5        EV: 13    Int: 17    God:
Gold:   31         SH:  0    Dex: 14    Spells: 2/5 levels left

rFire    . . .     SeeInvis +   a - +1 dagger
rCold    + + .     Gourm    .   (no shield)
rNeg     + + +     Faith    .   b - +0 robe
rPois    ∞         Spirit   .   (no helmet)
rElec    .         Reflect  .   (no cloak)
rCorr    .         Harm     .   (no gloves)
MR       .....                  (no boots)
Stlth    +++++.....             (no amulet)
HPRegen  0.00/turn              (no ring)
MPRegen  0.09/turn              (no ring)

@: very slightly contaminated, bloodless
A: no food, fangs 3, see invisible, unbreathing
a: Revivify


You were on level 1 of the Dungeon.
You were bloodless.

You visited 1 branch of the dungeon, and saw 1 of its levels.

You collected 31 gold pieces.

Inventory:

Hand Weapons
 a - a +1 dagger (weapon)
Missiles
 e - 33 bolts
Armour
 b - a +0 robe (worn)
Jewellery
 d - an uncursed ring of ice {unknown}
Scrolls
 g - a scroll of enchant weapon {unknown}
Potions
 c - 2 potions of curing {unknown}
 f - a potion of flight {unknown}


   Skills:
 + Level 0.3 Fighting
 * Level 1.8 Short Blades
 + Level 2.4 Dodging
 * Level 5.0 Stealth
 + Level 2.1 Spellcasting
 + Level 4.6 Hexes


You had 2 spell levels left.
You knew the following spells:

 Your Spells              Type           Power        Failure   Level  Hunger
a - Corona                Hex            ###....      2%          1    N/A
q - Ensorcelled Hibernat  Hex/Ice        #.....       11%         2    N/A

Your spell library contained the following spells:

 Spells                   Type           Power        Failure   Level  Hunger
 Confusing Touch          Hex            ###.....     9%          3    N/A
 Tukima's Dance           Hex            ###.....     9%          3    N/A
 Dazzling Flash           Conj/Hex       #.....       22%         3    N/A

Dungeon Overview and Level Annotations

Branches:
Dungeon (1/15)

Altars:


Innate Abilities, Weirdness & Mutations

You do not eat.
You do not regenerate when monsters are visible.
You are frail without blood (-20% HP).
You can heal yourself when you bite living creatures.
You are immune to poison.
You have razor-sharp teeth.
You have supernaturally acute eyesight. (SInv)
You can survive without breathing.


Message History

Aiming: Ensorcelled Hibernation (safe; 11% risk of failure)
Press: ? - help, Shift-Dir - straight line, f - bat, p - hobgoblin
Aim: a bat (chance to defeat MR: 58%)
The bat resists with significant effort.
The bat closely misses you. x2
The bat barely misses you. The bat misses you. The bat completely misses you.
The bat barely misses you.
There is an open door here.
The bat closely misses you. The bat barely misses you.
You closely miss the bat. Your bite misses the bat. The bat closely misses you.
You hit the bat.
The bat is severely wounded.
The bat barely misses you. The bat barely misses you.
The bat hits you but does no damage.
You hit the bat.
You kill the bat!
The goblin hits you with a +0 club.
You die...

..#...................#.).#..##
..........(........######......
.............######....#.......
........(..............#.......
.............######....#.......
.....(.................#.....##
.............[## #...........#
....%.........####...........#
..............@..............##
###............gg......##......
....................#.##..####
.............###.......#......
..?......###.##......#.#'##.#.
.........##.##..)...#......#.
.%.......##.#.......#......#.
........'..#..............#.
........####..............#.


You could see a hobgoblin and a goblin.

Vanquished Creatures
  A dart slug (D:1)
  A leopard gecko (D:1)
  A hobgoblin (D:1)
  5 jackals (D:1)
  3 kobolds (D:1)
  4 bats (D:1)
  2 goblins (D:1)
  2 rats (D:1)
19 creatures vanquished.

Notes
Turn   | Place    | Note
-------+----------+-------------------------------------------
     0 | D:1      | Modlin the Vampire Enchanter began the quest for the Orb.
     0 | D:1      | Reached XP level 1. HP: 13/13 MP: 3/3
   201 | D:1      | Reached XP level 2. HP: 19/19 MP: 5/5
   213 | D:1      | Learned a level 2 spell: Ensorcelled Hibernation
   579 | D:1      | Reached skill level 5 in Stealth
   700 | D:1      | Slain by a goblin

Illustrated notes

Levels and vault maps discovered:
D:1:      dpeg_arrival_more_subterranean_lakeside_camping, layout_basic,
          hangedman_decor_push, wander_ebering_terrifying_dragon_lair

Skill      XL: |  1  2 |
---------------+-------+-----
Stealth        | 5 |  5.0
Fighting       | |  0.3
Short Blades   | |  1.8
Dodging        | |  2.4
Spellcasting   | |  2.1
Hexes          | |  4.6

Action                   || total
-------------------------++-------
Melee: Dagger            ||    80
       Bite              ||     3
 Cast: Ensorcelled Hiber ||     3
       Corona            ||     1
 Abil: Exsanguinate      ||     1
 Stab: Sleeping          ||     6
Armor: Robe              ||    14
Dodge: Dodged            ||    83
